 Dungeon Crawl Stone Soup version 0.30-a0-840-ga523dec638 (webtiles) character file.

Game seed: 6389288142144943541

167 cforsyth the Sneak (level 5, -1/32 HPs)
             Began as a Kobold Brigand on Mar 1, 2023.
             Succumbed to an orc's poison
             ... on level 3 of the Dungeon.
             The game lasted 00:02:15 (3434 turns).

cforsyth the Sneak (Kobold Brigand)                 Turns: 3434, Time: 00:02:16

Health: -1/32      AC:  7    Str:  9    XL:     5   Next: 76%
Magic:  5/5        EV: 15    Int: 12    God:
Gold:   58         SH:  0    Dex: 18    Spells: 4/4 levels left

rFire   . . .      SeeInvis .    v - +2 dagger (venom)
rCold   . . .      Faith    .    (no shield)
rNeg    . . .      Spirit   .    b - +0 robe
rPois   .          Reflect  .    (no helmet)
rElec   .          Harm     .    c - +0 cloak
rCorr   .          Rampage  .    (no gloves)
Will    .....                    (no boots)
Stlth   ++                       (no amulet)
HPRegen 0.25/turn                h - +4 ring of protection
MPRegen 0.09/turn                (no ring)

@: confused, lethally poisoned (-1 -> -13), hasted, invisible, very quick
A: small, no large weapons, nightstalker 3
a: no special abilities


You were on level 3 of the Dungeon.
You visited 1 branch of the dungeon, and saw 3 of its levels.

You collected 58 gold pieces.

Inventory:

Hand Weapons
 a - a +2 dagger
 v - a +2 dagger of venom (weapon)
Missiles
 d - 9 poisoned darts (quivered)
 e - 3 curare-tipped darts
Armour
 b - a +0 robe (worn)
 c - a +0 cloak (worn)
Jewellery
 f - a ring of fire
 h - a +4 ring of protection (left hand)
 n - a ring of resist corrosion
Wands
 q - a wand of acid (13)
Scrolls
 i - 2 scrolls of blinking {unknown}
 k - 4 scrolls of identify {unknown}
 m - a scroll of torment {unknown}
 o - a scroll of fog {unknown}
 p - a scroll of enchant armour {unknown}
 r - 2 scrolls of magic mapping {unknown}
 s - a scroll of enchant weapon {unknown}
 t - a scroll of immolation {unknown}
 u - a scroll of fear {unknown}
Potions
 g - a potion of haste
 l - a potion of heal wounds {unknown}


   Skills:
 + Level 3.6 Fighting
 + Level 4.2 Short Blades
 - Level 2.1 Throwing
 + Level 3.1 Dodging
 + Level 6.4 Stealth


You had 4 spell levels left.
You didn't know any spells.
Your spell library contained the following spells:

 Spells                   Type           Power      Damage    Failure   Level
 Ignite Poison            Fire/Tmut/Pois 0%         N/A       69%         3
 Sticky Flame             Conj/Fire      0%         2d3       97%         4
 Ignition                 Fire           0%         3d3       100%        8


Dungeon Overview and Level Annotations

Branches:
Dungeon (3/15)

Altars:
Ru


Innate Abilities, Weirdness & Mutations

You are small and have problems with some larger weapons.
You are completely attuned to the shadows.


Message History

You closely miss something.
You hear some strange, mumbled words.
You are confused.
You hear some strange, mumbled words.
You are more confused.
You're too confused to move!
The orc hits you but does no damage.
You are poisoned.
You bump into the rock wall.
You feel sick. Something barely misses you. The orc barely misses you.
You bump into the rock wall.
You feel sick. Something hits you. The orc hits you but does no damage.
You are more poisoned.
Something hits you.
You bump into the rock wall.
You feel very sick. Something hits you but does no damage.
The orc completely misses you.
You hit the orc.
The orc is heavily wounded.
You feel sick. The orc attacks as you move away! The orc barely misses you.
You feel sick.
Unknown command.
You're too confused to move!
You feel sick.
Reactivating autopickup.
You feel a bit more experienced.
The orc hits you with a +1 dagger of venom.
* * * LOW HITPOINT WARNING * * *
You are lethally poisoned!
You bump into the rock wall.
* * * LOW HITPOINT WARNING * * *
You feel very sick. The orc completely misses you.
It was a potion of haste.
You feel yourself speed up.
* * * LOW HITPOINT WARNING * * *
You feel sick.
The orc hits you with a +1 dagger of venom.
* * * LOW HITPOINT WARNING * * *
You are more poisoned.
It was a potion of invisibility.
You fade into invisibility!
You die...

#.....#.~~~.#.## #......#
#.#...#~...~#.####......#
#...#.#~._.~#............
##..#.#~...~#....##.#....
#. ##...#.~~~.#...###.....
#.#.###...#.....#..........
#.#..#..##.#...#...........
#.##........#.#.....###.
#.####.####..#.#@o##### ..
#...##.# ...###o.o..##..
#.#..#.# ... #####.#...
#.##.#.### ## ###.......
#.##....... #...)..##.
#.###.>.... ...#..##
........... ..#...#
........... . #...#
........## ....#


You could see 3 orcs.

Vanquished Creatures
  An orc wizard (D:3)
  Natasha (thrice) (D:2)
  3 adders (D:2)
  A worm (D:2)
  3 dart slugs
  An orc (D:3)
  3 ball pythons
  5 bats
  2 endoplasms
  2 goblins
  2 hobgoblins
  2 jackals (D:2)
  3 kobolds
  A quokka (D:2)
  2 frilled lizards
  3 rats
37 creatures vanquished.

Notes
Turn   | Place    | Note
-------+----------+-------------------------------------------
     0 | D:1      | cforsyth the Kobold Brigand began the quest for the Orb.
     0 | D:1      | Reached XP level 1. HP: 12/12 MP: 1/1
    42 | D:1      | Reached XP level 2. HP: 18/18 MP: 2/2
   484 | D:2      | Reached XP level 3. HP: 22/22 MP: 3/3
   545 | D:2      | Noticed Natasha
   549 | D:2      | Killed Natasha
   550 | D:2      | Reached XP level 4. HP: 27/27 MP: 4/4
   795 | D:2      | Noticed Natasha
   806 | D:2      | Killed Natasha
   807 | D:2      | Reached skill level 6 in Stealth
   886 | D:2      | Reached XP level 5. HP: 32/32 MP: 5/5
  1323 | D:2      | Noticed Natasha
  1334 | D:2      | Killed Natasha
  3343 | D:3      | Found a sacrificial altar of Ru.
  3433 | D:3      | HP: 1/32 [orc/+1 dagger of venom (3)]
  3434 | D:3      | Succumbed to an orc's poison

Illustrated notes

Levels and vault maps discovered:
D:1:      psy_arrival_radial01, layout_rooms
D:2:      layout_basic, minmay_curled_crystal, minmay_misc_feat_x, uniq_natasha
D:3:      layout_rooms, mainiacjoe_overflow_chevrons, nicolae_ru_awakened_eye,
          glass_columns_b

Skill      XL: |  1  2  3  4  5 |
---------------+----------------+-----
Short Blades   | 3 4 |  4.2
Dodging        | 2 3 |  3.1
Fighting       | 3 |  3.6
Stealth        | 6 |  6.4
Throwing       | |  2.1

Action                     |  1- 3 |  4- 6 || total
---------------------------+-------+-------++-------
  Melee: Dagger            |    27 |    56 ||    83
    Use: Potion            |       |     2 ||     2
   Stab: Sleeping          |    13 |     8 ||    21
 Armour: Robe              |     2 |    17 ||    19
  Dodge: Dodged            |     7 |    28 ||    35

Table legend: (Time is in decaauts)
 A = Elapsed time spent in this place.
 B = Non-inter-level travel time spent in this place.
 C = Inter-level travel time spent in this place.
 D = Time resting spent in this place.
 E = Time spent auto-exploring this place.
 F = Levels seen in this place.
 G = Mean time per level.
                   A        B        C        D        E       F      G
               +--------+--------+--------+--------+--------+-----+--------+
         Total |   3417 |   3358 |     59 |      0 |   3133 |   3 | 1139.0 |
       Dungeon |   3417 |   3358 |     59 |      0 |   3133 |   3 | 1139.0 |
               +--------+--------+--------+--------+--------+-----+--------+

Top non-repeatable levels by time:
     D:2: 2823 daAuts
     D:1: 472 daAuts
     D:3: 122 daAuts
